 Seeded DCSS version 0.28.0-43-g3370ac3207 (webtiles) character file.

Game seed: 7121082916606783627 (custom seed)

122 gzilladon the Chopper (level 5, -2/46 HPs)
             Began as a Hill Orc Monk on Mar 30, 2022.
             Was a Priest of Beogh.
             Slain by a water moccasin skeleton (5 damage)
             ... on level 5 of the Dungeon.
             The game lasted 00:13:29 (3742 turns).

gzilladon the Chopper (Hill Orc Monk)               Turns: 3742, Time: 00:13:30

Health: -2/46      AC:  8    Str: 16    XL:     5   Next: 6%
Magic:  5/5        EV:  7    Int: 10    God:    Beogh [***...]
Gold:   151        SH:  0    Dex: 13    Spells: 4/4 levels left

rFire   . . .      SeeInvis +   a - +0 hand axe
rCold   . . .      Faith    .   (no shield)
rNeg    . . .      Spirit   .   p - +0 chain mail
rPois   .          Reflect  .   (no helmet)
rElec   .          Harm     .   (no cloak)
rCorr   .          Rampage  .   (no gloves)
Will    .....                   (no boots)
Stlth   ..........              (no amulet)
HPRegen 0.15/turn               q - ring of see invisible
MPRegen 0.09/turn               (no ring)

@: very slow
A: no striking features
a: Renounce Religion, Smiting


You were on level 5 of the Dungeon.
You worshipped Beogh.
Beogh was most pleased with you.
You visited 1 branch of the dungeon, and saw 4 of its levels.

You collected 151 gold pieces.

Inventory:

Hand Weapons
 a - a +0 hand axe (weapon)
 g - a +0 spear
Missiles
 c - 148 stones (quivered)
 e - a boomerang
 j - 22 poisoned darts
Armour
 b - a +0 robe
 d - a +0 leather armour
 f - a +0 scale mail
 p - a +0 chain mail (worn)
Jewellery
 q - a ring of see invisible (left hand)
Scrolls
 h - 4 scrolls of identify {unknown}
 i - a scroll of torment {unknown}
 l - a scroll of teleportation {unknown}
 m - 3 scrolls of immolation {unknown}
 n - a scroll of blinking {unknown}
 o - a scroll of summoning {unknown}
Potions
 k - a potion of attraction {unknown}
 r - a potion of curing {unknown}


   Skills:
 + Level 4.3 Fighting
 * Level 5.9 Axes
 + Level 1.9 Armour
 - Level 2.7 Dodging
 - Level 1.5 Stealth


You had 4 spell levels left.
You didn't know any spells.
Your spell library contained the following spells:

 Spells                   Type           Power      Damage    Failure   Level
 Conjure Flame            Conj/Fire      0%         6-21      100%        3
 Ignite Poison            Fire/Tmut/Pois 0%         N/A       100%        3
 Sticky Flame             Conj/Fire      0%         2d3       100%        4


Dungeon Overview and Level Annotations

Branches:
Dungeon (3/15)

Altars:

Shops:
D:1 *


Message History

The water moccasin skeleton bites you.
You hit the water moccasin skeleton.
The water moccasin skeleton is moderately damaged.
The water moccasin skeleton bites you.
* * * LOW HITPOINT WARNING * * *
Your unstable footing causes you to fumble your attack.
The water moccasin skeleton bites you.
* * * LOW HITPOINT WARNING * * *
You hit the water moccasin skeleton.
The water moccasin skeleton is heavily damaged.
The water moccasin skeleton bites you.
* * * LOW HITPOINT WARNING * * *
The water moccasin skeleton bites you but does no damage.
You closely miss the water moccasin skeleton.
The water moccasin skeleton is heavily damaged.
The water moccasin skeleton bites you but does no damage.
You hit the water moccasin skeleton.
The water moccasin skeleton is heavily damaged.
The water moccasin skeleton bites you.
* * * LOW HITPOINT WARNING * * *
You slash the water moccasin skeleton!
The water moccasin skeleton is severely damaged.
The water moccasin skeleton bites you.
* * * LOW HITPOINT WARNING * * *
You closely miss the water moccasin skeleton.
The water moccasin skeleton is severely damaged.
The water moccasin skeleton barely misses you.
You hit the water moccasin skeleton.
The water moccasin skeleton is severely damaged.
The water moccasin skeleton bites you but does no damage. x2
You barely miss the water moccasin skeleton.
The water moccasin skeleton is severely damaged.
The water moccasin skeleton bites you.
* * * LOW HITPOINT WARNING * * *
Your unstable footing causes you to fumble your attack.
The water moccasin skeleton bites you but does no damage.
You closely miss the water moccasin skeleton.
The water moccasin skeleton is severely damaged.
The water moccasin skeleton bites you.
You die...

#.#.##... #.#.##...
#.#......
########.#......
#...............
#####.##.##..#......
#...................
#...................
#.≈@Z.≈.≈.≈.≈≈.≈≈≈≈≈
#≈≈≈≈≈≈≈≈≈≈≈≈≈≈≈≈≈≈≈
#≈≈≈≈≈≈≈≈≈≈≈≈≈≈≈≈≈≈≈
#≈≈≈≈≈≈≈#####≈≈≈≈≈≈≈
#≈≈≈≈≈≈≈# ########
#≈≈≈≈≈≈≈# #≈≈≈≈≈≈≈#
#≈≈≈≈≈≈≈#


You could see a water moccasin skeleton.

Vanquished Creatures
  A gnoll (D:5)
  3 adders
  2 ufetubi (D:5)
  2 worms (D:2)
  A dart slug (D:2)
  2 orcs
  2 bats (D:1)
  4 endoplasms
  A giant cockroach (D:1)
  6 goblins
  5 hobgoblins
  20 kobolds
  6 quokkas
  5 ball pythons (D:2)
  A frilled lizard (D:3)
  A rat (D:1)
62 creatures vanquished.

Vanquished Creatures (others)
  A howler monkey zombie (D:3)
  An orc (D:3)
  A hobgoblin (D:3)
  A quokka (D:3)
  A giant cockroach zombie (D:3)
  7 toadstools (D:3)
12 creatures vanquished.

Grand Total: 74 creatures vanquished

Notes
Turn   | Place    | Note
-------+----------+-------------------------------------------
     0 | D:1      | gzilladon the Hill Orc Monk began the quest for the Orb.
     0 | D:1      | Reached XP level 1. HP: 19/19 MP: 1/1
   335 | D:2      | Reached XP level 2. HP: 27/27 MP: 2/2
   394 | D:3      | Became a worshipper of Beogh the Brigand
   394 | D:3      | Reached * piety under Beogh
   394 | D:3      | Reached ** piety under Beogh
   753 | D:2      | Reached XP level 3. HP: 25/33 MP: 3/3
   766 | D:2      | Reached skill level 5 in Axes
  1106 | D:1      | Reached skill level 1 in Armour
  1246 | D:1      | Found Rirorouf's Assorted Antiques.
  1541 | D:2      | Reached XP level 4. HP: 22/40 MP: 4/4
  2522 | D:3      | Reached *** piety under Beogh
  2766 | D:3      | Noticed an ice beast
  3260 | D:3      | You fall into a shaft and drop 2 floors!
  3260 | D:5      | Entered Level 5 of the Dungeon
  3520 | D:5      | Reached XP level 5. HP: 46/46 MP: 5/5
  3553 | D:5      | Noticed an ogre
  3740 | D:5      | HP: 2/46 [water moccasin skeleton (3)]
  3742 | D:5      | Slain by a water moccasin skeleton

Illustrated notes

Levels and vault maps discovered:
D:1:      minmay_arrival_plants_in_alcoves, layout_rooms, serial_shops, shop,
          chequers_serial_rivers_large_b
D:2:      layout_rooms, hellmonk_ecumenical_altar_leap_of_faith,
          minmay_door_square, nicolae_concentric_dashed_squares_mild
D:3:      cheibrodos_fertilizer, layout_basic, lemuel_tele_altar,
          lemuel_zombie_altar_yredelemnul, serial_shops,
          nicolae_shop_behind_doors, serial_rivers,
          chequers_serial_rivers_small_a, chequers_serial_rivers_micro_c,
          chequers_serial_rivers_room_a, chequers_serial_rivers_micro_e,
          chequers_serial_rivers_small_a, kennysheep_generic_room_9
D:5:      minmay_goblin_kobold_castle, layout_basic,
          lemuel_coloured_pillars_altar

Skill      XL: |  1  2  3 |
---------------+----------+-----
Axes           | 5 |  5.9
Armour         | 1 |  1.9
Fighting       | 4 |  4.3
Dodging        | |  2.7
Stealth        | |  1.5

Action                   |  1- 3 |  4- 6 || total
-------------------------+-------+-------++-------
Melee: Hand axe          |   132 |   127 ||   259
       Punch             |     2 |     1 ||     3
Throw: Stone             |     1 |       ||     1
Invok: Convert to Beogh  |     1 |       ||     1
Armor: Scale mail        |    56 |     2 ||    58
       Leather armour    |     5 |       ||     5
       Chain mail        |       |    78 ||    78
Dodge: Dodged            |    85 |    61 ||   146
